 Dungeon Crawl Stone Soup version 0.31-a0-236-g9a0961fb85 (webtiles) character file.

Game seed: 14046911439829167440

18 qw the Shooter (level 2, -1/24 HPs)
             Began as a Minotaur Hexslinger on July 10, 2023.
             Slain by an iguana (5 damage)
             ... on level 2 of the Dungeon.
             The game lasted 00:00:15 (800 turns).

qw the Shooter (Minotaur Hexslinger)                 Turns: 800, Time: 00:00:15

Health: -1/24      AC:  5    Str: 12    XL:     2   Next: 51%
Magic:  2/2        EV: 10    Int: 10    God:
Gold:   56         SH:  0    Dex: 12    Spells: 2/3 levels left

rFire   . . .        Y - +1 sling
rCold   . . .        (no shield)
rNeg    . . .        g - +0 ring mail
rPois   .            (helmet restricted)
rElec   .            (no cloak)
rCorr   .            (no gloves)
SInv    .            (no boots)
Will    .....        (no amulet)
Stlth   +            (no ring)
HPRegen 0.24/turn    (no ring)
MPRegen 0.08/turn

%: no passive effects
@: no status effects
A: horns 2, retaliatory headbutt
a: no special abilities


You were on level 2 of the Dungeon.
You visited 1 branch of the dungeon, and saw 2 of its levels.

You collected 56 gold pieces.


Innate Abilities, Weirdness & Mutations

You have a pair of horns on your head.
You reflexively headbutt those who attack you in melee.


   Skills:
 - Level 2.0 Fighting
 + Level 3.1 Ranged Weapons
 - Level 2.1 Dodging
 - Level 1.0 Spellcasting
 - Level 2.0 Hexes


You had 2 spell levels left.
You knew the following spells:

 Your Spells              Type           Power      Damage    Failure   Level
a - Slow                  Hex            16%        N/A       34%         1

Your spell library contained the following spells:

 Spells                   Type           Power      Damage    Failure   Level
 Inner Flame              Hex/Fire       2%         N/A       83%         3
 Portal Projectile        Hex/Tloc       4%         N/A       83%         3
 Cause Fear               Hex            2%         N/A       98%         4

Inventory:

Hand Weapons
 Y - a +1 sling (weapon)
Armour
 g - a +0 ring mail (worn)
Jewellery
 f - a ring of fire
Potions
 e - a potion of attraction {unknown}
 h - a potion of degeneration {unknown}

Dungeon Overview and Level Annotations

Branches:
Dungeon (2/15)

Altars:


Message History

Waypoint 1 assigned to D:2.
A rat comes into view.
You shoot a sling bullet. The sling bullet hits the rat.
The rat is moderately wounded.
You shoot a sling bullet. The sling bullet hits the rat.
You kill the rat!
You see here a rat corpse.
A ball python comes into view.
The ball python hisses angrily.
You shoot a sling bullet.
The sling bullet hits the ball python but does no damage.
A rat comes into view.
You shoot a sling bullet.
The sling bullet closely misses the ball python.
The sling bullet hits the rat.
You kill the rat!
You shoot a sling bullet.
The sling bullet closely misses the ball python.
You shoot a sling bullet. The sling bullet hits the ball python.
You kill the ball python!
An iguana comes into view.
The iguana hisses angrily.
You shoot a sling bullet.
The sling bullet barely misses the iguana.
You shoot a sling bullet.
The sling bullet hits the iguana but does no damage.
You shoot a sling bullet.
The sling bullet hits the iguana but does no damage.
You shoot a sling bullet.
The sling bullet hits the iguana but does no damage.
You shoot a sling bullet. The sling bullet hits the iguana.
The iguana is lightly wounded.
The iguana bites you!
You shoot a sling bullet. The sling bullet hits the iguana.
The iguana is moderately wounded.
The iguana bites you. The iguana bites you!
You shoot a sling bullet.
The sling bullet barely misses the iguana.
The iguana bites you.
You die...

# ## #.####.
#......######
#...........#
............##.
#............
#. #@..##.#. #.
##.l...... #..
###..#...###
#..#........#
####.#.#.####.#
.........# ..#
####...####
.... #.#....#
...
#.####.####...


You could see an iguana.

Vanquished Creatures
  2 goblins (D:1)
  A hobgoblin (D:1)
  3 jackals (D:1)
  3 quokkas (D:1)
  A ball python (D:2)
  A bat (D:1)
  A kobold (D:1)
  6 rats
18 creatures vanquished.

Notes
Turn   | Place    | Note
-------+----------+-------------------------------------------
     0 | D:1      | qw the Minotaur Hexslinger began the quest for the Orb.
     0 | D:1      | Reached XP level 1. HP: 16/16 MP: 1/1
     0 | D:1      | 0 ||| qw: Version: 0.3-a-52-g30416fa
     0 | D:1      | 0 ||| qw: Game counter: 4665
     0 | D:1      | 0 ||| qw: Melee chars always use a shield: true
     0 | D:1      | 0 ||| qw: God list: Okawaru
     0 | D:1      | 0 ||| qw: Allow faded altars: false
     0 | D:1      | 0 ||| qw: Do Orc after clearing Dungeon:15 true
     0 | D:1      | 0 ||| qw: Do second Lair branch before Depths: true
     0 | D:1      | 0 ||| qw: Lair rune preference: random
     0 | D:1      | 0 ||| qw: Goals: Normal
     0 | D:1      | 0 ||| PLANNING D:1-11
   317 | D:1      | Reached skill level 3 in Ranged Weapons
   317 | D:1      | Reached XP level 2. HP: 23/23 MP: 2/2
   699 | D:1      | 699 ||| UPGRADING to +0 ring mail.
   709 | D:1      | 709 ||| DROPPING +0 robe.
   710 | D:1      | 710 ||| DROPPING ring of wizardry.
   711 | D:1      | 711 ||| READING 3 scrolls labelled LIXTOYL EHAOPO.
   712 | D:1      | 712 ||| DRINKING 2 viscous pink potions.
   738 | D:1      | 738 ||| DROPPING 2 scrolls of noise.
   739 | D:1      | 739 ||| DROPPING scroll of poison.
   740 | D:1      | 740 ||| DROPPING potion of lignification.
   799 | D:2      | HP: 4/24 [iguana (11)]
   800 | D:2      | Slain by an iguana

Levels and vault maps discovered:
D:1:      roderic_crossed_star, layout_loops_corners,
          hangedman_decor_clover_reticule
D:2:      layout_rooms

Skill      XL: |  1  2 |
---------------+-------+-----
Ranged Weapons | 3 |  3.1
Fighting       | 2 |  2.0
Dodging        | |  2.1
Spellcasting   | |  1.0
Hexes          | |  2.0

Action                     || total
---------------------------++-------
   Fire: Sling             ||    53
    Use: Scroll            ||     1
         Potion            ||     1
 Armour: Robe              ||     5
  Dodge: Dodged            ||     9

Table legend:
 A = Non-vault XP
 B = Vault XP
 C = Vault XP percentage of total XP
 D = Non-vault monster count
 E = Vault monster count
 F = Vault count percentage of total count
                 A         B        C        D         E       F
            +---------+---------+-------+---------+---------+-------
      Total |      27 |       0 |   0.0 |      18 |       0 |   0.0
            +---------+---------+-------+---------+---------+-------
        D:1 |      24 |       0 |   0.0 |      15 |       0 |   0.0
        D:2 |       3 |       0 |   0.0 |       3 |       0 |   0.0
            +---------+---------+-------+---------+---------+-------
